Map: Blueshift LE

Players

Michael - Winner!

  • Race: Protoss Protoss
  • Spawn Location: 1:00

NickERgotU

  • Race: Zerg Zerg
  • Spawn Location: 7:00

VOD

Have the link to the VOD?

Description

Time

  • Played on: Aug. 18, 2018, 5:01 p.m.
  • Length: 8:48
Show
View Real Time Build Order
Export as new Build Order

Michael Protoss - Winner!

Build Orders:  

Get SALT Encoding   

  1  0:00  Probe  
  12  0:06  Probe  
  14  0:18  Pylon  
  14  0:21  Probe  
  15  0:36  Probe  
  15  0:39  Gateway  
  16  0:47  Assimilator  
  16  0:49  Probe  
  17  0:59  Probe  
  17  1:03  Assimilator  
  18  1:07  Probe  
  18  1:15  Probe  
  20  1:28  Gateway, Cybernetics Core  
  20  1:31  Zealot  
  22  1:38  Pylon  
  22  1:42  Probe  
  23  1:56  Probe  
  23  1:59  Warp Gate  
  25  2:08  Probe  
  25  2:11  Stalker  
  27  2:23  Nexus  
  27  2:38  Stalker  
  29  2:56  Gateway  
  29  2:58  Gateway  
  29  2:59  Probe  
  30  3:07  Probe  
  31  3:15  Pylon  
  31  3:26  Pylon  
  31  3:33  Probe  
  31  3:45  Probe  
  31  3:46  Stargate  
  32  3:54  Gateway  
  32  3:57  Probe  
  33  4:04  Gateway  
  33  4:09  Probe  
  34  4:10  Forge  
  34  4:11  Probe  
  35  4:19  Probe  
  35  4:21  Probe  
  37  4:29  Zealot, Probe  
  39  4:37  Probe  
  40  4:40  Void Ray  
  45  4:46  Probe  
  45  4:52  Probe  
  47  4:55  Probe  
  48  5:03  Protoss Shields Level 1  
  48  5:04  Probe  
  49  5:08  Probe  
  50  5:16  Probe  
  50  5:18  Pylon  
  50  5:20  Probe, Stalker x2  
  56  5:23  Pylon  
  52  5:30  Zealot x2  
  52  5:31  Void Ray  
  52  5:32  Zealot  
  54  5:50  Stalker  
  54  5:51  Stalker  
  54  5:52  Zealot  
  60  6:05  Stalker  
  60  6:06  Stalker  
  64  6:18  Void Ray  
  64  6:19  Pylon  
  64  6:28  Pylon  
  68  6:40  Pylon  
  68  6:44  Gateway  
  68  6:50  Gateway  
  68  6:52  Gateway  
  68  6:53  Gateway  
  68  7:01  Void Ray  
  68  7:02  Zealot x2  
  68  7:03  Stalker  
  68  7:04  Zealot  
  80  7:09  Zealot  
  80  7:10  Zealot  
  84  7:25  Zealot x2  
  84  7:26  Zealot x2  
  79  7:52  Stalker x3  
  79  7:53  Stalker  
  79  7:54  Zealot  
  79  7:55  Zealot  
  91  8:19  Stalker  
  87  8:30  Pylon  
  83  8:34  Pylon  
  83  8:35  Pylon  
  83  8:36  Pylon  
  83  8:37  Pylon x2  
  83  8:38  Pylon  
  83  8:39  Pylon  
  83  8:46  Zealot, Stalker x4  
Show
View Real Time Build Order
Export as new Build Order

NickERgotU Zerg 

Build Orders: Pool First 

Get SALT Encoding   

  12  0:03  Drone  
  13  0:13  Overlord  
  13  0:17  Drone  
  14  0:32  Drone x2  
  16  0:35  Drone  
  17  0:48  Drone  
  18  0:59  Extractor  
  17  1:07  Spawning Pool  
  17  1:08  Drone x2  
  18  1:15  Extractor  
  17  1:19  Drone  
  18  1:29  Drone  
  19  1:40  Evolution Chamber  
  19  1:41  Drone  
  19  1:56  Queen  
  21  2:03  Drone  
  21  2:08  Overlord  
  22  2:21  Drone, Hatchery  
  22  2:32  Queen  
  22  2:33  Overlord  
  24  2:46  Zergling x4  
  24  2:49  Zerg Melee Weapons Level 1  
  26  2:56  Metabolic Boost  
  26  3:02  Zergling x2  
  27  3:17  Zergling x8  
  31  3:32  Queen  
  33  3:41  Zergling x6  
  36  3:57  Zergling x6  
  36  3:58  Zergling x4  
  36  4:00  Zergling x2  
  40  4:38  Zergling x8  
  44  4:39  Overlord  
  44  4:40  Overlord x2  
  44  4:43  Zerg Ground Armor Level 1  
  44  5:03  Zergling x10  
  44  5:04  Zergling x2  
  44  5:57  Lair  
  44  6:18  Hatchery  
  43  7:02  Hydralisk Den  
  42  7:20  Infestation Pit  
  32  7:30  Zergling x2  
  32  7:31  Zergling x18  
  32  7:32  Zergling x14  
  46  7:53  Hydralisk x7  
Tags
 
Matchup
PvZ
Opening
Pool First
Spawn Locations
Cross Positions
Add a new tag
Caveats
  • Supply blocks, unpowered buildings, or Contaminate may cause inaccurate times.
  • Supply counts are checked every 10 seconds.